 Dungeon Crawl Stone Soup version 0.29-a0-582-ge82337ba6a (webtiles) character file.

Game seed: 17339160923843011410

108 dolemite99 the Cudgeller (level 5, -1/45 HPs)
             Began as a Meteoran Abyssal Knight on June 15, 2022.
             Was a Priest of Lugonu.
             Slain by Grinder (8 damage)
             ... on level 3 of the Dungeon.
             The game lasted 00:03:34 (1925 turns).

dolemite99 the Cudgeller (Meteoran Abyssal Knight)  Turns: 1925, Time: 00:03:35

Health: -1/45      AC:  8    Str: 13 (16) XL:     5   Next: 35%
Magic:  7/7        EV: 10    Int:  8 (11) God:    Lugonu [***...]
Gold:   156        SH:  0    Dex: 12 (15) Spells: 4/4 levels left

rFire   . . .      SeeInvis .   a - +0 flail (protect)
rCold   . . .      Faith    .   (no shield)
rNeg    . . .      Spirit   .   h - +1 ring mail {rPois}
rPois   +          Reflect  .   s - +0 helmet
rElec   .          Harm     .   (no cloak)
rCorr   .          Rampage  .   n - +0 pair of gloves
Will    .....                   (no boots)
Stlth   +.........              (no amulet)
HPRegen 0.15/turn               (no ring)
MPRegen 0.10/turn               (no ring)

@: flying, glowing
A: sense surroundings 1, otherworldly, glowing, explore regen
a: Renounce Religion, Depart the Abyss, Bend Space, Banish


You were on level 3 of the Dungeon.
You worshipped Lugonu.
Lugonu was most pleased with you.
You visited 1 branch of the dungeon, and saw 4 of its levels.
You visited the Abyss 1 time.

You collected 156 gold pieces.

Inventory:

Hand Weapons
 a - a +0 flail of protection (weapon)
 f - a +0 quarterstaff
 k - a +1 mace
 o - the +5 dagger of Extermination {spect, rN++}
   (You found it on level 2 of the Dungeon)

   When its wielder attacks, the weapon's spirit leaps out and strikes again.
   The spirit shares a part of any damage it takes with its wielder.
   rN:        It greatly protects you from negative energy.
Missiles
 m - 8 poisoned darts (quivered)
 p - 4 boomerangs
 r - 34 stones
Armour
 b - a +0 leather armour
 c - a +0 scale mail
 h - a +1 ring mail of poison resistance (worn)
 n - a +0 pair of gloves (worn)
 s - a +0 helmet (worn)
Scrolls
 d - a scroll of enchant armour {unknown}
 e - 2 scrolls of identify {unknown}
 i - a scroll of immolation {unknown}
 t - a scroll of poison {unknown}


   Skills:
 - Level 3.2 Fighting
 + Level 6.5 Maces & Flails
 - Level 2.4 Armour
 - Level 1.2 Dodging
 - Level 2.4 Invocations


You had 4 spell levels left.
You didn't know any spells.
Your spell library contained the following spells:

 Spells                   Type           Power      Damage    Failure   Level
 Magic Dart               Conj           0%         1d3       65%         1
 Searing Ray              Conj           0%         2d4       80%         2
 Fulminant Prism          Conj/Hex       0%         3d6       100%        4


Dungeon Overview and Level Annotations

Branches:
Dungeon (4/15)
 Temple: D:4-7

Altars:
Cheibriados

Annotations:
D:2 Robin
D:3 Grinder


Innate Abilities, Weirdness & Mutations

You passively map a small area around you.
You are easily found by Zot.
You glow in the dark.
You regain HP and MP as you explore.


Message History

Grinder is heavily wounded.
Grinder hits you!
You sock Grinder!
Grinder is severely wounded.
Grinder blinks!
Grinder gestures at you. Pain shoots through your body!
Grinder says, "FISH!"
You barely miss Grinder.
Grinder is severely wounded.
Grinder barely misses you.
You hit Grinder.
Your weapon exudes an aura of protection.
Grinder is almost dead.
Grinder hits you but does no damage.
You hit Grinder.
Grinder is almost dead.
Grinder gestures at you. Pain shoots through your body!
You closely miss Grinder.
Grinder is almost dead.
Grinder gestures at you. You resist with some effort.
You closely miss Grinder.
Grinder is almost dead.
Grinder gestures at you.
You suddenly lose the ability to move!
Grinder says, "I used to sell toenails on the black market."
Grinder hits you but does no damage. Grinder hits you but does no damage.
Grinder gestures at you. Pain shoots through your body!
* * * LOW HITPOINT WARNING * * *
Grinder gestures at you.
You shrug off the repeated paralysis!
You can move again.
You closely miss Grinder.
Grinder is almost dead.
Grinder hits you!
You die...

########## ##...##...##
##..........##
#............# . ,
#............#.# ,
#..............#
##..5@......#### *
##...#....## ≈ ,
######.### #..##### *
... ##.....### ....*
#####...###### ≈
....######.............
......................
,
........#.............


You could see Grinder.

Vanquished Creatures
  An iguana (D:4)
  3 adders
  2 worms
  A dart slug (D:3)
  2 endoplasms
  3 giant cockroaches
  5 goblins
  3 hobgoblins (D:1)
  2 jackals
  7 kobolds
  3 quokkas
  5 ball pythons
  6 bats
  4 frilled lizards
  4 rats
51 creatures vanquished.

Notes
Turn   | Place    | Note
-------+----------+-------------------------------------------
     0 | Abyss:1  | dolemite99 the Meteoran Abyssal Knight began the quest for
                  | the Orb.
     0 | Abyss:1  | Reached XP level 1. HP: 19/19 MP: 3/3
    36 | Abyss:1  | Noticed a starcursed mass
    37 | D:1      | Escaped the Abyss
   181 | D:1      | Reached skill level 3 in Maces & Flails
   201 | D:2      | Reached XP level 2. HP: 18/26 MP: 4/4
   250 | D:2      | Reached skill level 4 in Maces & Flails
   250 | D:2      | Reached XP level 3. HP: 31/31 MP: 5/5
   336 | D:2      | You fall into a shaft and drop 2 floors!
   336 | D:4      | Found a snail-covered altar of Cheibriados.
   394 | D:4      | Reached skill level 5 in Maces & Flails
   394 | D:4      | Reached XP level 4. HP: 3/38 MP: 6/6
   849 | D:1      | Found a faded altar of an unknown god.
  1090 | D:1      | Reached skill level 6 in Maces & Flails
  1338 | D:2      | Noticed Robin
  1341 | D:2      | Reached XP level 5. HP: 42/45 MP: 7/7
  1752 | D:2      | Identified the +5 dagger of Extermination {spect, rN++}
  1816 | D:2      | Reached *** piety under Lugonu
  1892 | D:3      | Noticed Grinder
  1900 | D:3      | Paralysed by Grinder for 3 turns
  1920 | D:3      | Paralysed by Grinder for 5 turns
  1925 | D:3      | Slain by Grinder

Illustrated notes

Levels and vault maps discovered:
D:1:      dpeg_arrival_circle_labyrinth_b, layout_loops_ring,
          basic_ecumenical_altar
D:2:      layout_basic, uniq_robin
D:3:      layout_rooms, portal_sewer_entry_f, uniq_grinder
D:4:      layout_basic, mainiacjoe_overflow_chevrons,
          minmay_temple_entry_from_below_a, serial_shops, nicolae_stop_n_shop_2,
          uniq_edmund, uniq_ijyb

Skill      XL: |  1  2  3  4 |
---------------+-------------+-----
Maces & Flails | 3 4 5 6 |  6.5
Fighting       | |  3.2
Armour         | |  2.4
Dodging        | |  1.2
Invocations    | |  2.4

Action                   |  1- 3 |  4- 6 || total
-------------------------+-------+-------++-------
Melee: Mace              |    47 |    15 ||    62
       Flail             |       |   114 ||   114
       Punch             |       |     2 ||     2
Throw: Dart              |       |     1 ||     1
Invok: Depart the Abyss  |     1 |       ||     1
  Use: Potion            |       |     4 ||     4
Armor: Scale mail        |    26 |       ||    26
       Ring mail         |     1 |   131 ||   132
Dodge: Dodged            |    24 |   102 ||   126

Table legend: (Time is in decaauts)
 A = Elapsed time spent in this place.
 B = Non-inter-level travel time spent in this place.
 C = Inter-level travel time spent in this place.
 D = Time resting spent in this place.
 E = Time spent auto-exploring this place.
 F = Levels seen in this place.
 G = Mean time per level.
                   A        B        C        D        E       F      G
               +--------+--------+--------+--------+--------+-----+--------+
         Total |   1948 |   1783 |    165 |    232 |    759 |   5 |  389.6 |
       Dungeon |   1911 |   1746 |    165 |    232 |    723 |   4 |  477.8 |
         Abyss |     37 |     37 |      0 |      0 |     36 |   1 |   37.0 |
               +--------+--------+--------+--------+--------+-----+--------+

Top non-repeatable levels by time:
     D:1: 1033 daAuts
     D:2: 452 daAuts
     D:4: 276 daAuts
     D:3: 149 daAuts
 Abyss:1: 37 daAuts
